 Dungeon Crawl Stone Soup version 0.31.0-32-g396128a36d (webtiles) character file.

Game seed: 7847025956197490302

3042 Zeor the Thaumaturge (level 9, -3/47 HPs)
             Began as a Deep Elf Ice Elementalist on Apr 5, 2024.
             Was a Follower of Vehumet.
             Slain by a cyan ugly thing (16 damage)
             ... on level 10 of the Dungeon.
             The game lasted 00:32:43 (7324 turns).

Zeor the Thaumaturge (Deep Elf Ice Elementalist)    Turns: 7324, Time: 00:32:43

Health: -3/47      AC:  4    Str:  4    XL:     9   Next: 56%
Magic:  19/25      EV: 16    Int: 24    God:    Vehumet [*.....]
Gold:   447        SH:  0    Dex: 19    Spells: 15/28 levels left

rFire   + . .        f - +0 orcbow
rCold   + . .        (shield currently unavailable)
rNeg    . . .        L - +1 robe {rC+ rF+}
rPois   .            (helmet restricted)
rElec   .            u - +0 cloak
rCorr   .            K - +0 pair of gloves
SInv    .            (no boots)
Will    .....        p - amulet of the acrobat
Stlth   +++          E - ring of wizardry
HPRegen 0.27/turn    (no ring)
MPRegen 0.19/turn

%: acrobat, wizardry (x1)
@: freezing walls
A: horns 1, agile 1, deformed body, subdued magic 1
a: Renounce Religion


You were on level 10 of the Dungeon.
You worshipped Vehumet.
Vehumet was aware of your devotion.
You visited 2 branches of the dungeon, and saw 9 of its levels.
You also visited: Sewer.

You collected 471 gold pieces.
You spent 24 gold pieces at shops.

Inventory:

Hand Weapons
 a - a +0 trident of flaming
 f - a +0 orcbow (weapon)
 q - a +2 dagger of venom
 C - a +3 flail of holy wrath
 H - a +2 short sword of draining
 I - a +1 halberd of draining
Missiles
 c - 6 atropa-tipped darts
 e - 18 poisoned darts
 J - 2 curare-tipped darts
Armour
 n - a +3 leather armour
 u - a +0 cloak (worn)
 w - an orb of mayhem
 D - a +2 leather armour of fire resistance
 K - a +0 pair of gloves (worn)
 L - a +1 robe of resistance (worn)
Jewellery
 g - a ring of fire
 p - an amulet of the acrobat (around neck)
 E - a ring of wizardry (left hand)
Wands
 y - a wand of light (6)
Scrolls
 k - 2 scrolls of fear
 m - 2 scrolls of teleportation
 t - 3 scrolls of enchant weapon
 v - 2 scrolls of revelation
 z - 2 scrolls of blinking
 F - a scroll of fog
Potions
 b - a potion of magic
 d - 2 potions of haste
 i - 2 potions of cancellation
 r - a potion of mutation
 s - 3 potions of brilliance
 x - a potion of attraction
 A - 2 potions of heal wounds
 B - a potion of might {unknown}
 G - a potion of degeneration {unknown}


   Skills:
 * Level 1.1 Fighting
 + Level 2.0 Maces & Flails
 + Level 0.2 Polearms
 + Level 2.4 Armour
 * Level 7.3 Dodging
 + Level 3.7 Stealth
 + Level 10.1 Spellcasting
 + Level 0.9 Summonings
 + Level 9.6 Ice Magic


You had 15 spell levels left.
You knew the following spells:

 Your Spells              Type           Power      Damage    Failure   Level
a - Ozocubu's Armour      Ice            45%        N/A       1%          3
b - Summon Ice Beast      Ice/Summ       29%        N/A       1%          3
f - Freeze                Ice            100%       1d10      1%          1
h - Hailstorm             Conj/Ice       27%        3d8       1%          3
r - Frozen Ramparts       Ice            90%        1d14      1%          3

Your spell library contained the following spells:

 Spells                   Type           Power      Damage    Failure   Level
 Shock                    Conj/Air       36%        1d5       1%          1


Dungeon Overview and Level Annotations

Branches:
Dungeon (7/15)             Temple (1/1) D:5           Sewer (visited)

Altars:
Ashenzari
Cheibriados
Dithmenos
Elyvilon
Fedhas
Gozag
Hepliaklqana
Kikubaaqudgha
Makhleb
Nemelex Xobeh
Okawaru
Ru
Sif Muna
Trog
Uskayaw
Vehumet
Wu Jian
Xom
The Shining One

Shops:
D:2 ?

Annotations:
D:7 Jeremiah


Innate Abilities, Weirdness & Mutations

You have a pair of small horns on your head.
You are agile. (Dex +4, Str/Int -1)
Armour fits poorly on your strangely shaped body.
Your spells are a little easier to cast, but a little less powerful.


Message History

A centaur warrior comes into view.
Found a whip and 25 gold pieces.
The centaur warrior shouts!
You hear a horrible gurgling sound!
The centaur warrior wields a +0 shortbow.
The centaur warrior shoots an arrow.
The arrow completely misses you.
The centaur warrior shoots an arrow.
The arrow completely misses you.
The centaur warrior shoots an arrow.
The arrow completely misses you.
A cyan ugly thing comes into view.
The cyan ugly thing gurgles horribly!
The centaur warrior unwields a +0 shortbow.
The centaur warrior completely misses you. x2
The centaur warrior closely misses you.
The centaur warrior completely misses you.
Casting: Ozocubu's Armour (safe; 1% risk of failure)
Confirm with . or Enter, or press ? or * to list all spells.
Casting: Frozen Ramparts (safe; 1% risk of failure)
Press: ? - help, Dir - look around, f - activate The walls around you are covered in ice.
The wall freezes the centaur warrior!
The centaur warrior hits you!
The centaur warrior kicks you but does no damage.
Casting: Frozen Ramparts (safe; 1% risk of failure)
Confirm with . or Enter, or press ? or * to list all spells.
Casting: Hailstorm (safe; 1% risk of failure)
Press: ? - help, Dir - look around, f - activate A cannonade of hail descends around you!
The hail pelts the cyan ugly thing!
The cyan ugly thing is lightly wounded.
The wall freezes the centaur warrior.
The centaur warrior hits you! The centaur warrior kicks you.
The wall freezes the cyan ugly thing.
The wall freezes the centaur warrior.
The centaur warrior hits you.
The centaur warrior kicks you but does no damage.
As you read the scroll of fear, it crumbles to dust.
You assume a fearsome visage.
The cyan ugly thing looks frightened!
The centaur warrior resists with some effort.
The wall freezes the cyan ugly thing.
Your attack snaps the cyan ugly thing out of its fear.
The cyan ugly thing tentacle-slaps you.
* * * LOW HITPOINT WARNING * * *
The cyan ugly thing shocks you!
You die...

▒∙∙▒ ∙▒
▒∙∙▒▒∙∙▒▒
▒∙∙∙▒∙∙∙▒▒▒
▒∙∙▒∙∙∙∙∙)
▒∙∙∙▒∙∙∙∙∙
▒∙∙▒▒▒∙▒▒▒
▒∙∙▒▒∙▒∙▒▒
▒∙∙∙u∙∙∙∙▒
▒▒!ec∙∙∙▒∙
▒▒▒▒∙∙∙∙▒
▒$∙▒▒ ∙∙▒
∙∙∙ ∙∙∙ ▒


You could see a cyan ugly thing and a centaur warrior.

Vanquished Creatures
  Maggie (D:6)
  Grinder (Sewer)
  A wyvern (D:7)
  Eustachio (D:4)
  Edmund (D:4)
  A water moccasin (D:6)
  A sky beast (D:6)
  4 ogres
  A centaur (D:5)
  2 kobold brigands (Sewer)
  A scorpion (D:6)
  3 bombardier beetles
  2 jellies
  A quasit (Sewer)
  A hound (D:5)
  2 orc priests (D:6)
  Jessica (D:2)
  2 iguanas
  4 sleepcaps
  Natasha (D:3)
  6 orc wizards
  5 gnolls
  6 adders
  A river rat (D:3)
  5 shadow imps
  3 ufetubi
  3 dart slugs
  A ribbon worm (D:2)
  19 orcs
  13 ball pythons
  5 bats
  A bat zombie (Sewer)
  10 endoplasms
  7 giant cockroaches
  3 goblins (D:1)
  4 hobgoblins
  6 jackals
  3 quokkas
  6 frilled lizards
  A giant cockroach zombie (Sewer)
  17 kobolds
  A kobold zombie (Sewer)
  5 rats
163 creatures vanquished.

Vanquished Creatures (collateral kills)
  Sigmund (D:6)
  Menkaure (D:6)
  A water moccasin (D:5)
  A gnoll (D:4)
  A shadow imp (Sewer)
5 creatures vanquished.

Vanquished Creatures (others)
  An orc wizard (D:6)
  A kobold zombie (Sewer)
2 creatures vanquished.

Grand Total: 170 creatures vanquished

Notes
Turn   | Place    | Note
-------+----------+-------------------------------------------
     0 | D:1      | Zeor the Deep Elf Ice Elementalist began the quest for the
                  | Orb.
     0 | D:1      | Reached XP level 1. HP: 10/10 MP: 6/6
   172 | D:1      | Reached XP level 2. HP: 13/15 MP: 2/8
   443 | D:1      | Found a faded altar of an unknown god.
   993 | D:2      | Reached skill level 5 in Ice Magic
   993 | D:2      | Reached XP level 3. HP: 11/19 MP: 6/10
  1025 | D:2      | Learned a level 3 spell: Frozen Ramparts
  1029 | D:2      | Learned a level 3 spell: Ozocubu's Armour
  1031 | D:2      | Noticed Jessica
  1040 | D:2      | Killed Jessica
  1087 | D:2      | Found Tiasast's Magic Scroll Boutique.
  1101 | D:2      | Bought a scroll of identify for 24 gold pieces
  1200 | D:2      | Reached XP level 4. HP: 24/24 MP: 7/11
  1351 | D:2      | Learned a level 3 spell: Summon Ice Beast
  1474 | D:2      | Reached skill level 1 in Armour
  1534 | D:2      | Reached skill level 4 in Spellcasting
  1957 | D:3      | Found a glowing drain.
  2078 | Sewer    | Entered a sewer
  2084 | Sewer    | Reached XP level 5. HP: 16/28 MP: 11/13
  2277 | Sewer    | Found a burning altar of Makhleb.
  2294 | Sewer    | Noticed Grinder
  2404 | Sewer    | Reached skill level 5 in Spellcasting
  2404 | Sewer    | Reached XP level 6. HP: 19/32 MP: 4/15
  2507 | Sewer    | Killed Grinder
  2508 | Sewer    | Reached skill level 1 in Maces & Flails
  2615 | Sewer    | Reached XP level 7. HP: 28/37 MP: 4/17
  3079 | D:3      | Found a bloodstained altar of Trog.
  3352 | D:3      | Noticed Natasha
  3358 | D:3      | Killed Natasha
  3499 | D:3      | Reached skill level 6 in Spellcasting
  4216 | D:4      | Noticed Eustachio
  4225 | D:4      | Killed Eustachio
  4226 | D:4      | Reached skill level 5 in Dodging
  4342 | D:4      | Noticed Edmund
  4348 | D:4      | Killed Edmund
  4349 | D:4      | Reached skill level 7 in Spellcasting
  4349 | D:4      | Reached XP level 8. HP: 30/42 MP: 10/20
  4866 | D:5      | Entered Level 5 of the Dungeon
  4979 | D:5      | Found a staircase to the Ecumenical Temple.
  5005 | Temple   | Entered the Ecumenical Temple
  5034 | Temple   | Became a worshipper of Vehumet
  5393 | D:5      | Learned a level 3 spell: Hailstorm
  5397 | D:5      | Reached skill level 8 in Spellcasting
  5651 | D:5      | Found an opulent altar of Gozag.
  5674 | D:5      | Found a glowing golden altar of the Shining One.
  6147 | D:6      | Noticed Maggie
  6159 | D:6      | Killed Maggie
  6160 | D:6      | Reached skill level 9 in Spellcasting
  6160 | D:6      | Reached XP level 9. HP: 45/46 MP: 12/24
  6285 | D:6      | Noticed Menkaure
  6362 | D:6      | Killed Menkaure
  6457 | D:6      | Found a shimmering blue altar of Sif Muna.
  6590 | D:6      | Found an ornate altar of the Wu Jian Council.
  6684 | D:6      | Reached * piety under Vehumet
  6684 | D:6      | Offered knowledge of Shock by Vehumet.
  7031 | D:6      | Noticed Sigmund
  7035 | D:6      | Gained mutation: Armour fits poorly on your strangely
                  | shaped body. [potion of mutation]
  7035 | D:6      | Gained mutation: You are agile. (Dex +4, Str/Int -1)
                  | [potion of mutation]
  7035 | D:6      | Gained mutation: Your spells are a little easier to cast,
                  | but a little less powerful. [potion of mutation]
  7035 | D:6      | Gained mutation: You have a pair of small horns on your
                  | head. [potion of mutation]
  7044 | D:6      | Killed Sigmund
  7045 | D:6      | Reached skill level 10 in Spellcasting
  7202 | D:7      | Noticed Jeremiah
  7231 | D:7      | Reached skill level 1 in Fighting
  7314 | D:7      | You fall into a shaft and drop 3 floors!
  7314 | D:10     | Entered Level 10 of the Dungeon
  7318 | D:10     | Noticed a centaur warrior
  7321 | D:10     | Noticed a cyan ugly thing
  7324 | D:10     | Slain by a cyan ugly thing

Illustrated notes

Levels and vault maps discovered:
D:1:      sevenhm_arrival_forest_fort_small_6, layout_rooms,
          ebering_ecumenical_altar_petrified
D:2:      layout_loops_ring, serial_shops, shop_statue,
          minmay_misc_feat_hallway, minmay_joined_circles, uniq_jessica
D:3:      kennysheep_six_static_rooms, layout_loops_ring, lemuel_doored_altar,
          portal_sewer_entry_a, bh_walls_and_bars, uniq_natasha
D:4:      layout_basic, hangedman_minor_gate_pass, uniq_eustachio, uniq_edmund
D:5:      layout_loops_ring, gammafunk_temple_overflow_statue,
          minmay_temple_entry_water_ring, minmay_misc_feat_rows
D:6:      layout_basic, mainiacjoe_overflow_24_doors, lemuel_round_altar,
          hangedman_glass_teeth, uniq_menkaure, uniq_maggie, uniq_sigmund
D:7:      layout_loops_ring, nicolae_elevator_lobby_plus, uniq_jeremiah,
          uniq_prince_ribbit1
D:10:     layout_roguey, zin_purify, kennysheep_mini, dpeg_lair_monsters,
          david_orc_2, kennysheep_crisscross, hangedman_corner_corridor
Temple:   dpeg_chambers_temple

Skill      XL: |  1  2  3  4  5  6  7  8  9 |
---------------+----------------------------+-----
Ice Magic      | 5 6 8 9 |  9.6
Dodging        | 3 4 5 6 7 |  7.3
Armour         | 1 2 |  2.4
Spellcasting   | 4 5 7 9 10 | 10.1
Maces & Flails | 1 2 |  2.0
Stealth        | 3 |  3.7
Fighting       | 1 |  1.1
Polearms       | |  0.2
Summonings     | |  0.9

Action                     |  1- 3 |  4- 6 |  7- 9 || total
---------------------------+-------+-------+-------++-------
  Melee: Whip              |    13 |    73 |    24 ||   110
         Trident           |       |       |    17 ||    17
         Flail             |       |       |     9 ||     9
   Fire: Orcbow            |       |       |     6 ||     6
   Cast: Freeze            |    27 |    15 |    57 ||    99
         Frozen Ramparts   |     2 |    19 |    42 ||    63
         Ozocubu's Armour  |     1 |     9 |    22 ||    32
         Summon Ice Beast  |       |     3 |     6 ||     9
         Hailstorm         |       |       |     4 ||     4
    Use: Scroll            |     5 |     2 |     7 ||    14
         Potion            |       |     2 |     7 ||     9
   Stab: Sleeping          |     1 |     2 |     3 ||     6
         Distracted        |       |       |     1 ||     1
 Armour: Robe              |     2 |       |     9 ||    11
         Leather armour    |     8 |    71 |    33 ||   112
         Skin              |       |       |     4 ||     4
  Dodge: Dodged            |    11 |    97 |    59 ||   167
